Cogmind - Beta 10.2 @@@ ROGUE MODE // 2021.05.29 @ 01:37:10 Player: mat Result: Destroyed by Y-45 Defender with Beam Rifle Performance ------------- Evolutions (1) 500 Regions Visited (3) 600 Robots Destroyed (9) 45 Value Destroyed (303) 303 Prototype IDs (0) 0 Alien Tech Used (0) 0 Bonus (0) 0 TOTAL SCORE: 1448 Bonus ------- None Cogmind --------- Core Integrity 0/400 Matter 300/300 Energy 100/100 System Corruption 0% Temperature Cool (18) Movement Core (100) Ox1 Location -9/Storage Parts ------- > --- POWER (1) -------- (None) > --- PROPULSION (2) --- (None) > --- UTILITY (4) ------ Small Storage Unit > --- WEAPON (2) ------- (None) > --- INVENTORY (6) ---- Cooling System Signal Interpreter Improved Terrain Scanner Peak State ------------ > --- POWER ------------ Ion Engine > --- PROPULSION ------- Light Treads Light Treads > --- UTILITY ---------- Improved Heat Sink Small Storage Unit > --- WEAPON ----------- Assault Rifle Assault Rifle > --- INVENTORY -------- Improved Terrain Scanner Small Laser [Rating: 9] Favorites ----------- Power Ion Engine Engine Ion Engine Propulsion Light Treads Treads Light Treads Utility Small Storage Unit Device Improved Heat Sink Storage Small Storage Unit Weapon Assault Rifle Energy Gun Small Laser Ballistic Gun Assault Rifle Build | -11 -10 -9 -9 ------- Run | Scr Mat Mat Sto Slots Evolved 2 | . . 2 . Power . | . . . . Propulsion . | . . . . Utility 2 | . . 2 . Weapon . | . . . . Parts Attached 9 | 4 3 2 . Power 1 | 1 . . . Engine 1 | 1 . . . Core . | . . . . Reactor . | . . . . Propulsion 2 | . 2 . . Treads 2 | . 2 . . Leg . | . . . . Wheel . | . . . . Hover . | . . . . Flight . | . . . . Utility 2 | 1 1 . . Device 1 | . 1 . . Storage 1 | 1 . . . Processor . | . . . . Hackware . | . . . . Protection . | . . . . Artifact . | . . . . Weapon 4 | 2 . 2 . Energy Gun 2 | . . 2 . Energy Cannon . | . . . . Ballistic Gun 2 | 2 . . . Ballistic Cannon . | . . . . Launcher . | . . . . Special Weapon . | . . . . Impact Weapon . | . . . . Slashing Weapon . | . . . . Piercing Weapon . | . . . . Special Melee Weapon . | . . . . Unidentified Prototypes . | . . . . Parts Lost 8 | . . 8 . Power 1 | . . 1 . Propulsion 2 | . . 2 . Utility 1 | . . 1 . Weapon 4 | . . 4 . Highest Loss Streak 8 | . . 8 . Average Slot Usage (%) 69 | . 86 68 11 Engine 10 | . 14 9 . Treads 20 | . 28 19 . Device 5 | . . 9 . Storage 12 | . 14 11 11 Ballistic Gun 20 | . 28 18 . Naked Turns . | . . . . Heaviest Build 14 | 13 14 14 4 Greatest Support 40 | 3 40 40 3 Greatest Overweight (x) 4 | 4 . 1 1 Average Overweight (x) . | 3 . . 1 Largest Inventory Capacity 6 | 6 6 6 6 Average Capacity 5 | 5 6 6 6 Most Carried 5 | 4 3 5 3 Average Carried 2 | 2 1 4 3 Final Capacity 6 | 6 6 6 6 Final Carried 3 | 3 3 3 3 Class Distribution -------------------- 100% | Mutant Dominant Class ---------------- Mutant | -10/Materials Mutant | -9/Materials Mutant | -9/Storage Resources | -11 -10 -9 -9 ----------- Run | Scr Mat Mat Sto Matter Collected 416 | 152 137 127 . Remotely . | . . . . Salvage Created 360 | . 137 223 . Parts 20 | . 8 12 . Haulers Intercepted . | . . . . Recyclers Shooed . | . . . . Parts Field Recycled . | . . . . Retrieved Matter . | . . . . Parts Self-Destructed . | . . . . Prevented . | . . . . Kills | -11 -10 -9 -9 ------- Run | Scr Mat Mat Sto Combat Hostiles Destroyed 8 | . 3 5 . Guns 8 | . 3 5 . Classes Destroyed 3 | . 1 2 . Operator 1 | . . 1 . Grunt 7 | . 3 4 . Brawler 1 | . . 1 . Best Kill Streak 5 | . 2 5 . Combat Bots Only 5 | . 2 5 . Max Kills in Single Turn 1 | . 1 1 . Gunslinging . | . . . . Exploded . | . . . . Melee . | . . . . Uniques/NPCs Destroyed . | . . . . Combat | -11 -10 -9 -9 -------- Run | Scr Mat Mat Sto Damage Taken 1253 | . 231 769 253 Core 434 | . 34 209 191 Absorbed by Shields . | . . . . Core Remaining (%) 93 | 100 86 . . Volleys Fired 34 | . 11 23 . Largest 2 | . 2 2 . Hottest 80 | . 40 80 . Shots Fired 64 | . 22 42 . Gun 64 | . 22 42 . Cannon . | . . . . Launcher . | . . . . Special . | . . . . Kinetic 58 | . 22 36 . Thermal 6 | . . 6 . Explosive . | . . . . Electromagnetic . | . . . . Robot Hit Streak 9 | . 7 9 . Robot Miss Streak 2 | . 2 2 . Penetration Max . | . . . . Secondary Targets 2 | . . 2 . Max Gunslinging Chain 1 | . . 1 . Shots Hit Robots 44 | . 14 30 . Core Hits 20 | . 7 13 . Critical Hits . | . . . . Critical Kills . | . . . . Critical Parts Destroyed . | . . . . Melee Attacks . | . . . . Impact . | . . . . Slashing . | . . . . Piercing . | . . . . Sneak Attacks . | . . . . Combat Hostiles . | . . . . Follow-up Attacks . | . . . . Damage Inflicted 569 | . 182 387 . Guns 568 | . 182 386 . Cannons . | . . . . Explosions . | . . . . Melee . | . . . . Ramming 1 | . . 1 . Kinetic 500 | . 182 318 . Thermal 68 | . . 68 . Explosive . | . . . . Electromagnetic . | . . . . Impact . | . . . . Slashing . | . . . . Piercing . | . . . . Highest Corruption . | . . . . Average Corruption . | . . . . Corruption Purged . | . . . . Overload Shots . | . . . . Overflow Damage . | . . . . Projectiles . | . . . . Explosions . | . . . . Melee . | . . . . Knockbacks . | . . . . Impact . | . . . . Kinetic . | . . . . Secondary . | . . . . Self-Inflicted Damage . | . . . . Shots . | . . . . Rammed 2 | . . 2 . Targets Rammed 2 | . . 2 . Kicked . | . . . . Crushed . | . . . . Highest Temperature 24 | . 2 24 . Average Temperature 6 | . 2 10 . Received Heat Transfer 585 | . 84 384 117 Siege Activations . | . . . . Robots Corrupted . | . . . . Combat Hostiles . | . . . . Parts Fried . | . . . . Impact Corruptions . | . . . . Robots Melted . | . . . . Combat Hostiles . | . . . . Parts Melted . | . . . . Heat Transferred 150 | . . 150 . Parts Sabotaged . | . . . . Parts Stolen . | . . . . Parts Stripped . | . . . . Power Chain Reactions . | . . . . Missiles Intercepted . | . . . . Alert | -11 -10 -9 -9 ------- Run | Scr Mat Mat Sto Peak Influence 179 | . 95 179 65 Initial 50 | . . 39 50 Average 47 | . 49 77 54 Maximum Alert Level . | . . . . Low Security (%) 100 | 100 100 100 100 Level 1 . | . . . . Level 2 . | . . . . Level 3 . | . . . . Level 4 . | . . . . Level 5 . | . . . . High Security . | . . . . Max Security . | . . . . Squads Dispatched 2 | . 1 1 . Investigation . | . . . . Extermination . | . . . . Reinforcement 2 | . 1 1 . Assault . | . . . . Garrison . | . . . . Intercept . | . . . . Construction Impeded . | . . . . Haulers Reinforced . | . . . . Stealth | -11 -10 -9 -9 --------- Run | Scr Mat Mat Sto Distress Signals 2 | . 1 1 . Communications Jammed . | . . . . Distress Signals . | . . . . Times Spotted 18 | . 4 11 3 Peak Tracking Total 8 | . 2 8 3 Tactical Retreats 1 | . . 1 . Traps | -11 -10 -9 -9 ------- Run | Scr Mat Mat Sto Traps Triggered 1 | . 1 . . Indirectly . | . . . . Trap Hack Attempts . | . . . . Triggered . | . . . . Disarmed . | . . . . Reprogrammed . | . . . . Reused . | . . . . Traps Extracted . | . . . . Installed . | . . . . Triggered . | . . . . Machines | -11 -10 -9 -9 ---------- Run | Scr Mat Mat Sto Machines Disabled . | . . . . Max in Single Turn . | . . . . Machines Sabotaged . | . . . . Garrisons Compromised . | . . . . Overloaded Fab Kills . | . . . . Fab Network Shutdowns . | . . . . Hacking | -11 -10 -9 -9 --------- Run | Scr Mat Mat Sto Machines Accessed . | . . . . Terminals . | . . . . Fabricators . | . . . . Repair Stations . | . . . . Recycling Units . | . . . . Scanalyzers . | . . . . Garrison Access . | . . . . Total Hacks . | . . . . Successful . | . . . . Failed . | . . . . Catastrophic . | . . . . Database Lockouts . | . . . . Manual . | . . . . Terminals . | . . . . Fabricators . | . . . . Repair Stations . | . . . . Recycling Units . | . . . . Scanalyzers . | . . . . Garrison Access . | . . . . Terminal Hacks . | . . . . Fabricator Hacks . | . . . . Repair Station Hacks . | . . . . Recycling Unit Hacks . | . . . . Scanalyzer . | . . . . Garrison Access Hacks . | . . . . Unauthorized Hacks . | . . . . Terminals . | . . . . Fabricators . | . . . . Repair Stations . | . . . . Recycling Units . | . . . . Scanalyzers . | . . . . Garrison Access . | . . . . Data Cores Recovered . | . . . . Used . | . . . . Hacking Detections . | . . . . Full Trace Events . | . . . . Feedback Events . | . . . . Feedback Blocked . | . . . . Robot Schematics Acquired . | . . . . Robots Built . | . . . . Matter . | . . . . Time . | . . . . Total Robot Build Rating . | . . . . Part Schematics Acquired . | . . . . Parts Built . | . . . . Matter . | . . . . Time . | . . . . Total Part Build Rating . | . . . . Parts Repaired . | . . . . Time . | . . . . Parts Recycled . | . . . . Recycled Matter . | . . . . Retrieved Matter . | . . . . Retrieved Components . | . . . . Parts Scanalyzed . | . . . . Part Schematics Acquired . | . . . . Parts Damaged . | . . . . Bothacking | -11 -10 -9 -9 ------------ Run | Scr Mat Mat Sto Used RIF Installer . | . . . . Robots Hacked . | . . . . Non-combat . | . . . . Combat . | . . . . Robot Hacks Applied . | . . . . Relay Couplers Released . | . . . . Robots Rewired . | . . . . Allies Hacked . | . . . . Hacks Repelled . | . . . . Allies | -11 -10 -9 -9 -------- Run | Scr Mat Mat Sto Total Allies . | . . . . Largest Group . | . . . . Highest-Rated Group . | . . . . Highest-Rated Ally . | . . . . Total Orders . | . . . . Ally Attacks . | . . . . Total Damage . | . . . . Kills . | . . . . Allies Corrupted . | . . . . Allies Melted . | . . . . Intel | -11 -10 -9 -9 ------- Run | Scr Mat Mat Sto Robot Analysis Total . | . . . . Derelict Logs Recovered . | . . . . Drone Launches . | . . . . Drone Recoveries . | . . . . Exploration | -11 -10 -9 -9 ------------- Run | Scr Mat Mat Sto Turns Passed 507 | 125 153 182 47 Spaces Moved 241 | 54 70 70 47 Core 112 | 54 . 11 47 Treads 129 | . 70 59 . Legs . | . . . . Wheels . | . . . . Hover . | . . . . Flight . | . . . . Fastest Speed 50 | 50 160 100 100 Average Speed 158 | 216 160 150 100 Slowest Speed 250 | 250 160 160 100 Overloaded Moves . | . . . . Propulsion Burnouts . | . . . . Robots Hopped . | . . . . Cave-ins Triggered . | . . . . Exploration Rate (%) 11 | 4 18 11 11 Regions Visited 3 Branch Regions 1 Pre-discovered Areas . | . . . . Known Exits Taken . | . . . . Unknown Exits Taken 3 | 1 1 1 . Scrap Searched . | . . . . Spaces Dug . | . . . . Terrain Destroyed . | . . . . Melee . | . . . . Projectile . | . . . . AOE . | . . . . Terrain Rammed . | . . . . Walls Destroyed . | . . . . Machines Disabled . | . . . . Actions | -11 -10 -9 -9 --------- Run | Scr Mat Mat Sto Total 303 | 63 89 104 47 Wait 9 | . 3 6 . Move 238 | 53 69 69 47 Hop . | . . . . Pick Up 11 | 6 3 2 . Fast Attach 1 | 1 . . . Attach 8 | 3 3 2 . Detach . | . . . . Swap . | . . . . Drop . | . . . . Fire 34 | . 11 23 . Melee . | . . . . Ram 2 | . . 2 . Kick . | . . . . Crush . | . . . . Escape Stasis . | . . . . Rewire . | . . . . Trap . | . . . . Miscellaneous . | . . . . Route ------- -11/Scrapyard -10/Materials -9/Materials -9/Storage History --------- Turn | Location | Event 9 | -11/Scrapyard | Discovered new exit (range 16) 126 | -11/Scrapyard | Entered Materials 210 | -10/Materials | Discovered new exit (range 16) 279 | -10/Materials | Entered another Materials area 279 | -9/Materials | Evolved 2 slots: Utility x2 301 | -9/Materials | Build established: Mutant 381 | -9/Materials | Discovered new exit (range 12) 461 | -9/Materials | Entered Storage 462 | -9/Storage | Core integrity fell below 50% 479 | -9/Storage | Lost 8 parts (1p2n1u4w) 497 | -9/Storage | Core integrity fell below 20% 508 | -9/Storage | Destroyed by Y-45 Defender with Beam Rifle Last Messages --------------- Lgt. Treads destroyed. G-34 Mercenary destroyed. Switching to secondary target: Y-45 Defender. R-06 Scavenger collects Aluminum Leg. Acquired 32 matter. R-06 Scavenger collects Aluminum Leg. Assault Rifle destroyed. Ion Engine destroyed. Sml. Laser destroyed. Imp. Heat Sink destroyed. Lgt. Treads destroyed. Sml. Laser destroyed. Slammed into G-34 Mercenary. Acquired 34 matter. Slammed into R-06 Scavenger. Acquired 43 matter. U-05 Engineer builds a Door. LOCATION=UNKNOWN GOAL=ESCAPE K-01 Serf destroyed. Map ----- +----------------------------------------------------+ | ????????????????#!!!!# # #????? | | ????????????????#!! " # #????? | | ????????????????#!! # #????? | | ????????????????# " + #????? | | ????????????????#!!! #T## #????? | | ????????????????#!!!?#### #????? | | ????????????????####????#% #????? | | ????????????????????????#= #????? | | ???????????????#######?## #????? | | ???????????????# # #????? | | ???????????????? """ / #????? | | ???????????????? """ #Yg #????? | | ????????????????? """ # #????? | | ???????????????? ^ ?# #????? | | ???????????????# """ ??# #????? | | ???????????????# """???# #????? | | ???????????????# """???# #????? | | ?????????????????? ????# #????? | | ????????????????????????# #????? | | ????????????????????????# #????? | | ????????????????????????# #????? | | ????????????????????????# #????? | | ????????????????????????# #????? | | ????????????????????????# #????? | | ???????????????????????## ##???? | | ???????????????????????#a@ #???? | | ???????????????????? #???? | | ???????????????? Y #???? | | ???????????? #???? | | ???????????########## # #???? | | ????????????????????# ###+###???? | | ????????????????????# ??????????? | | ????????????????????# ???????????? | | ???????????????????? ???????????? | | ??????????????????? ????????????? | | ???????????????????##????????????? | | ?????????????????????????????????? | | ?????????????????????????????????? | | ?????????????????????????????????? | | ?????????????????????????????????? | | ?????????????????????????????????? | | ?????????????????????????????????? | | ?????????????????????????????????? | | ?????????????????????????????????? | | ?????????????????????????????????? | | ?????????????????????????????????? | | ?????????????????????????????????? | | ?????????????????????????????????? | | ?????????????????????????????????? | | ?????????????????????????????????? | +----------------------------------------------------+ Best States ------------- Heat Dissipation 42 Energy Generation 10 Energy Capacity 250 Matter Stores 300 Matter Capacity 300 Sight Range 16 Terrain Scan Density 10 Evasion (%) 50 Recoil Reduction 2 Item Schematics ----------------- None Robot Schematics ------------------ None Fabricated ------------ Nothing Alien Tech Used ----------------- None Achievements -------------- None Challenges ------------ None Game ------ Seed WeaponChargeBiocell Manual? 0 Play Time 00:04:30 Cumulative 136.6 hours Start 2021.05.29 @ 01:32:02 End 2021.05.29 @ 01:37:10 Sessions 1 Manual Loads 0 Difficulty Rogue Special Mode None Game No. 211 Rogue 209 Adventurer 2 Explorer 0 Win Type - Total 1 Types 1/0/0/0/0/0/0/0/0 Lore% 59 Gallery% 58 Achievement% 46 Wizard Run 0 Options --------- ASCII 0 Keyboard 0 Movement Mouse Keybinds 0 Fullscreen 1 Font 18/SmallcapsGlow Map View 76x50 Tactical HUD 0 Map Filters NONE Filters NONE Steam 1 RUN: 340b241b-e9e5-41c0-91f9-09b4d7c53258